 Dungeon Crawl Stone Soup version 0.21-a0-394-gdc75ea7 (webtiles) character file.

446 Kavrick the Shield-Bearer (level 7, -15/55 HPs)
             Began as a Formicid Fighter on Oct 18, 2017.
             Demolished by an ogre
             ... wielding a +0 giant club
              (24 damage)
             ... on level 4 of the Dungeon.
             The game lasted 00:04:24 (2721 turns).

Kavrick the Shield-Bearer (Formicid Fighter)        Turns: 2721, Time: 00:04:25

Health: -15/55     AC: 10    Str: 22    XL:     7   Next: 24%
Magic:  7/7        EV:  6    Int:  8    God:
Gold:   242        SH: 10    Dex: 10    Spells: 6/6 levels left

rFire    . . .     SeeInvis +   a - +0 war axe
rCold    . . .     Gourm    .   c - +0 shield
rNeg     . . .     Faith    .   v - +0 chain mail
rPois    .         Spirit   .   (helmet unavailable)
rElec    .         Reflect  .   (no cloak)
rCorr    .         Harm     .   A - +0 pair of gloves
MR       .....                  (no boots)
Stlth    ..........             (no amulet)
HPRegen  0.18/turn              (no ring)
MPRegen  0.10/turn              (no ring)

@: no status effects
A: permanent stasis, dig shafts and tunnels, four strong arms, antennae 3
a: Dig, Shaft Self


You were on level 4 of the Dungeon.
You were not hungry.

You visited 1 branch of the dungeon, and saw 4 of its levels.

You collected 242 gold pieces.

Inventory:

Hand Weapons
 a - a +0 war axe (weapon)
Armour
 c - a +0 shield (worn)
 v - a +0 chain mail (worn)
 A - a +0 pair of gloves (worn)
Jewellery
 z - an uncursed ring of magical power {unknown}
Scrolls
 e - 2 scrolls of recharging {unknown}
 h - 3 scrolls of remove curse {unknown}
 i - 11 scrolls of identify {unknown}
 k - 2 scrolls of teleportation {unknown}
 n - 2 scrolls of enchant weapon {unknown}
 q - a scroll of noise {unknown}
 r - a scroll of fear {unknown}
 y - a scroll of enchant armour {unknown}
 B - a scroll of fog {unknown}
 D - a scroll of blinking {unknown}
Potions
 b - a potion of heal wounds {unknown}
 d - 2 potions of might
 j - 2 potions of curing {unknown}
 l - a potion of degeneration {unknown}
 m - a potion of resistance {unknown}
 o - 3 potions of haste {unknown}
 p - 2 potions of mutation {unknown}
 s - a potion of cancellation {unknown}
 t - 2 potions of brilliance {unknown}
 u - a potion of agility {unknown}
 w - a potion of ambrosia {unknown}
 C - a potion of flight {unknown}
Comestibles
 f - 3 bread rations
 g - 6 chunks of flesh
 x - 2 royal jellies


   Skills:
 + Level 4.7 Fighting
 * Level 4.7 Axes
 + Level 4.8 Armour
 + Level 5.2 Shields


You had 6 spell levels left.
You didn't know any spells.

Dungeon Overview and Level Annotations

Branches:
Dungeon (4/15)
 Temple: D:4-7

Altars:
Ashenzari
Dithmenos


Innate Abilities, Weirdness & Mutations

You cannot be hasted, slowed, berserked, paralysed or teleported.
You can dig through walls and to a lower floor.
Your four strong arms can wield two-handed weapons with a shield.
You have a pair of large antennae on your head. (SInv)


Message History

You closely miss the quokka. You slash the orc!
You kill the orc!
The quokka bites you but does no damage.
The ogre hits you with a giant club.
You slash the ogre!
The ogre is severely wounded.
You closely miss the quokka.
The quokka bites you but does no damage.
You block the quokka's attack. The ogre hits you with a giant club!
You hit the ogre but do no damage.
The ogre is severely wounded.
You miss the quokka.
The quokka bites you but does no damage.
The ogre hits you with a giant club!!
* * * LOW HITPOINT WARNING * * *
You slash the ogre!
The ogre is almost dead.
You miss the quokka. You block the quokka's attack.
The quokka barely misses you. The ogre hits you with a giant club!!
You die...

##.......)......>...#<.
#####.............##..
##................#
###.................#
#...###(..........>.#
...#..(............##
.......#............#
..............[.....#
.#Z#.#.#......@)....#
..{.Z{.....$..rO....#
.... ..#............#
... ................#
... ...#............#
.....#.......#
#...###......# ...#
####....


You could see an ogre and a quokka.

Vanquished Creatures
  An ogre (D:3)
  A phantom (D:3)
  A scorpion (D:4)
  Terence (D:3)
  3 gnolls
  8 adders
  An adder skeleton (D:4)
  4 worms (D:2)
  A dart slug (D:3)
  3 orcs (D:4)
  8 bats
  4 giant cockroaches
  6 goblins
  4 hobgoblins
  10 jackals
  6 kobolds
  2 quokkas (D:3)
  3 ball pythons
  A ball python skeleton (D:4)
  4 frilled lizards
  A leopard gecko skeleton (D:4)
  11 rats
84 creatures vanquished.

Notes
Turn   | Place    | Note
-------+----------+-------------------------------------------
     0 | D:1      | Kavrick the Formicid Fighter began the quest for the Orb.
     0 | D:1      | Reached XP level 1. HP: 18/18 MP: 1/1
   185 | D:1      | Reached XP level 2. HP: 23/24 MP: 2/2
   452 | D:1      | Reached XP level 3. HP: 29/29 MP: 3/3
   628 | D:2      | Reached skill level 4 in Shields
   907 | D:2      | Reached XP level 4. HP: 37/37 MP: 4/4
  1268 | D:3      | Noticed Terence
  1277 | D:3      | Killed Terence
  1277 | D:3      | Reached XP level 5. HP: 37/42 MP: 5/5
  1370 | D:3      | Found a shattered altar of Ashenzari.
  1426 | D:3      | Noticed a phantom
  1451 | D:3      | Killed a phantom
  1451 | D:3      | Reached XP level 6. HP: 40/48 MP: 6/6
  1552 | D:3      | Found a shadowy altar of Dithmenos.
  2102 | D:4      | Noticed an ogre
  2174 | D:3      | Killed an ogre
  2174 | D:3      | Reached skill level 5 in Shields
  2454 | D:4      | Reached XP level 7. HP: 51/55 MP: 7/7
  2721 | D:4      | Demolished by an ogre

Vault maps used:
D:1:      ncdulo_wetmaze, serial_corexii_hall, corexii_hall_statues_deadend,
          corexii_hall_statues_t
D:2:      first_bread
D:3:      nicolae_dithmenos_through_a_glass_darkly,
          nicolae_ashenzari_panopticon, uniq_terence
D:4:      minmay_temple_entry_enclosed_plants, serial_shops,
          nicolae_shop_behind_doors, st_stairs_4, sigmund_army

Skill      XL: |  1  2  3  4  5  6 |
---------------+-------------------+-----
Shields        | 4 5 |  5.2
Axes           | 3 4 |  4.7
Armour         | 4 |  4.8
Fighting       | 4 |  4.7

Action                   |  1- 3 |  4- 6 |  7- 9 || total
-------------------------+-------+-------+-------++-------
Melee: War axe           |    96 |   174 |    58 ||   328
  Eat: Chunk             |       |     5 |     2 ||     7
Armor: Scale mail        |    24 |       |       ||    24
       Chain mail        |    25 |    83 |    39 ||   147
Dodge: Dodged            |    32 |    51 |    13 ||    96
Block: Shield            |    60 |   108 |    35 ||   203

Table legend:
 A = Spawn XP
 B = Non-spawn XP
 C = Spawn XP percentage of total XP
 D = Spawn monster count
 E = Non-spawn monster count
 F = Spawn count percentage of total count
 G = Total turns spent on level
                    A         B        C        D         E        F      G
               +---------+---------+-------+---------+---------+-------+---------
         Total |       0 |     638 |   0.0 |       0 |      84 |   0.0 |  2721
               +---------+---------+-------+---------+---------+-------+---------
           D:1 |       0 |      31 |   0.0 |       0 |      20 |   0.0 |   592
           D:2 |       0 |      71 |   0.0 |       0 |      28 |   0.0 |   674
           D:3 |       0 |     406 |   0.0 |       0 |      24 |   0.0 |  1191
           D:4 |       0 |     130 |   0.0 |       0 |      12 |   0.0 |   264
               +---------+---------+-------+---------+---------+-------+---------
